 Dungeon Crawl Stone Soup version 0.18.1-5-g4a78601 (webtiles) character file.

236 SKei0 the Covered (level 6, 0/39 HPs)
             Began as a Gargoyle Fighter on May 11, 2016.
             Slain by namnharef's ghost (3 damage)
             ... on level 3 of the Dungeon.
             The game lasted 00:08:13 (3157 turns).

SKei0 the Covered (Gargoyle Fighter)                Turns: 3157, Time: 00:08:13

Health: 0/39       AC: 23    Str: 26    XL:     6   Next: 6%
Magic:  6/6        EV:  5    Int:  9    God:
Gold:   115        SH:  9    Dex:  9    Spells: 0 memorised, 5 levels left

rFire  . . .     SeeInvis .     z - +0 mace (protect)
rCold  . . .     Gourm    .     o - +0 plate armour
rNeg   + + .     Faith    .     c - +0 shield
rPois  ∞         Spirit   .     (no helmet)
rElec  +         Dismiss  .     (no cloak)
rCorr  .         Reflect  .     (no gloves)
SustAt .         Harm     .     v - +0 pair of boots
MR     .....                    (no amulet)
Stlth  ..........               e - -5 ring of slaying (curse)
                                y - ring of positive energy

@: mighty, not resistant to hostile enchantments, extremely unstealthy
A: negative energy resistance 1, electricity resistance, unbreathing,
petrification resistance, rot immunity, AC +4
a: no special abilities


You were on level 3 of the Dungeon.
You were not hungry.

You visited 1 branch of the dungeon, and saw 3 of its levels.

You collected 115 gold pieces.

Inventory:

Hand Weapons
 a - a +0 flail
 z - a +0 mace of protection (weapon)
Armour
 b - a +0 scale mail
 c - a +0 shield (worn)
 o - a +0 plate armour (worn)
 v - a +0 pair of boots (worn)
Jewellery
 e - a cursed -5 ring of slaying (right hand)
 h - a +2 ring of evasion
 y - a ring of positive energy (left hand)
Wands
 s - a wand of slowing (13/48)
Scrolls
 i - a scroll of amnesia {unknown}
Potions
 k - a potion of flight {unknown}
 l - 2 potions of lignification {unknown}
 m - a potion of cancellation {unknown}
 p - 2 potions of curing
 q - 2 potions of resistance {unknown}
 t - a potion of cure mutation {unknown}
 u - 2 potions of magic {unknown}
 x - a potion of heal wounds {unknown}
Comestibles
 f - 2 bread rations
 g - a meat ration


   Skills:
 + Level 4.7 Fighting
 + Level 2.2 Maces & Flails
 * Level 6.2 Armour
 - Level 3.2 Shields


You had 5 spell levels left.
You didn't know any spells.

Dungeon Overview and Level Annotations

Branches:
Dungeon (3/15)

Altars:
Ashenzari
Fedhas
Gozag
Sif Muna
Trog
Zin

Annotations:
D:3 namnharef's ghost, amateur HOFi


Innate Abilities, Weirdness & Mutations

You are resistant to torment.
Your stone body is resilient (AC +4).
You are immune to poison.
You resist negative energy.
You are resistant to electric shocks.
You can survive without breathing.
You are immune to petrification.
You are immune to rotting.


Message History

Namnharef's ghost is moderately damaged.
Namnharef's ghost hits you but does no damage.
Namnharef's ghost hits you.
* * * LOW HITPOINT WARNING * * *
Drink which item? (? for menu, Esc to quit)
You feel very mighty all of a sudden. You block namnharef's ghost's attack.
You closely miss namnharef's ghost.
Namnharef's ghost is moderately damaged.
Namnharef's ghost hits you.
* * * LOW HITPOINT WARNING * * *
You closely miss namnharef's ghost.
Namnharef's ghost is moderately damaged.
Namnharef's ghost hits you but does no damage.
Namnharef's ghost whispers, "They're coming for you..."
Namnharef's ghost barely misses you.
Your plate armour prevents you from hitting namnharef's ghost.
Namnharef's ghost is moderately damaged.
Namnharef's ghost hits you.
You die...

........#
_..⌠.._.#
........#
........#
........#
#.#####
#..S..#
#.#W###
#.#@# #.#.#
###.# # #
#.# #'##.#
#.# ......
#.# [.....#
.# #.#
......#
#.####.###
.#....#
#.##.....###
.#


You could see namnharef's ghost and a ball python.

Vanquished Creatures
  An orc priest (D:3)
  Terence (D:2)
  Natasha (thrice) (D:2)
  3 adders
  2 worms
  A dart slug (D:1)
  2 giant geckos
  10 orcs (D:3)
  3 ball pythons
  4 giant cockroaches
  6 goblins
  6 hobgoblins
  4 jackals (D:3)
  A quokka (D:2)
  6 bats
  3 giant newts (D:2)
  4 kobolds
  4 rats
64 creatures vanquished.

Notes
Turn   | Place    | Note
--------------------------------------------------------------
     0 | D:1      | SKei0 the Gargoyle Fighter began the quest for the Orb.
     0 | D:1      | Reached XP level 1. HP: 14/14 MP: 1/1
   413 | D:1      | Reached XP level 2. HP: 19/19 MP: 2/2
   736 | D:2      | Found an opulent altar of Gozag.
   818 | D:2      | Reached skill level 4 in Armour
   829 | D:2      | Found a glowing silver altar of Zin.
   925 | D:2      | Reached XP level 3. HP: 18/24 MP: 3/3
  1025 | D:2      | Noticed Natasha
  1042 | D:2      | Killed Natasha
  1169 | D:2      | Noticed Natasha
  1177 | D:2      | Killed Natasha
  1177 | D:2      | Reached skill level 5 in Armour
  1177 | D:2      | Reached XP level 4. HP: 29/29 MP: 4/4
  1622 | D:2      | Noticed Natasha
  1634 | D:2      | Killed Natasha
  1634 | D:2      | Reached XP level 5. HP: 25/33 MP: 5/5
  1851 | D:2      | Noticed Terence
  1879 | D:2      | Killed Terence
  1969 | D:2      | Found a bloodstained altar of Trog.
  2014 | D:2      | Found a blossoming altar of Fedhas.
  2481 | D:3      | Reached skill level 6 in Armour
  2824 | D:3      | Reached XP level 6. HP: 37/39 MP: 6/6
  3125 | D:3      | Noticed namnharef's ghost (amateur HOFi)
  3126 | D:3      | Found a deep blue altar of Sif Muna.
  3127 | D:3      | Found a shattered altar of Ashenzari.
  3157 | D:3      | Slain by namnharef's ghost

Skill      XL: |  1  2  3  4  5 |
---------------+----------------+-----
Armour         | 4 5 6 |  6.2
Fighting       | 4 |  4.7
Maces & Flails | |  2.2
Shields        | |  3.2

Action                   |  1- 3 |  4- 6 || total
-------------------------+-------+-------++-------
Melee: Flail             |   144 |    99 ||   243
       Mace              |       |   410 ||   410
  Use: Scroll            |       |     4 ||     4
       Potion            |       |     1 ||     1
  Eat: Chunk             |     1 |     8 ||     9
Armor: Scale mail        |     7 |       ||     7
       Plate armour      |    90 |   576 ||   666
Dodge: Dodged            |    31 |   113 ||   144
Block: Shield            |    73 |   351 ||   424
